 Dungeon Crawl Stone Soup version 0.17.1-1-g73c8601 (webtiles) character file.

132 zercules the Shield-Bearer (level 5, -10/32 HPs)
             Began as a Gargoyle Fighter on Feb 19, 2016.
             Was an Initiate of Fedhas.
             Mangled by an ogre
             ... wielding a +0 giant club
              (12 damage)
             ... on level 4 of the Dungeon.
             The game lasted 00:06:17 (2289 turns).

zercules the Shield-Bearer (Gargoyle Fighter)       Turns: 2289, Time: 00:06:18

Health: -10/32     AC: 10    Str: 20    XL:     5   Next: 15%
Magic:  5/5        EV:  7    Int:  9    God:    Fedhas [......]
Gold:   126        SH:  9    Dex:  9    Spells: 0 memorised, 4 levels left

rFire  . . .     SeeInvis .     a - +0 flail
rCold  . . .     Clarity  .     b - +0 scale mail
rNeg   + . .     SustAt   .     c - +0 shield
rPois  ∞         Gourm    .     (no helmet)
rElec  +         Spirit   .     (no cloak)
rCorr  .         Warding  .     (no gloves)
rMut   .         Stasis   .     (no boots)
MR     .....                    (no amulet)
Stlth  ..........               (no ring)
                                (no ring)

@: not resistant to hostile enchantments, extremely unstealthy
A: negative energy resistance 1, electricity resistance, unbreathing,
petrification resistance, rot immunity, AC +4
a: Renounce Religion


You were on level 4 of the Dungeon.
You worshipped Fedhas.
Fedhas was noncommittal.
You were not hungry.

You visited 1 branch of the dungeon, and saw 4 of its levels.

You collected 126 gold pieces.

Inventory:

Hand Weapons
 a - a +0 flail (weapon)
 i - a +0 blowgun
Missiles
 p - 14 poisoned needles
Armour
 b - a +0 scale mail (worn)
 c - a +0 shield (worn)
Wands
 n - a wand of invisibility (2)
 q - a wand of fireball (5)
Scrolls
 f - 2 scrolls of enchant weapon {unknown}
Potions
 d - 3 potions of might
 g - 2 potions of haste {unknown}
 h - 2 potions of lignification
 k - a potion of brilliance {unknown}
 l - a potion of magic {unknown}
 m - a potion of mutation {unknown}
Comestibles
 e - 5 bread rations
 j - 2 chunks of flesh


   Skills:
 - Level 3.2 Fighting
 + Level 3.4 Maces & Flails
 - Level 3.2 Armour
 + Level 5.3 Shields
 * Level 0.1 Evocations


You had 4 spell levels left.
You didn't know any spells.

Dungeon Overview and Level Annotations

Branches:
Dungeon (4/15)
 Temple: D:4-7

Altars:
Fedhas
Zin


Innate Abilities, Weirdness & Mutations

You are resistant to torment.
Your stone body is resilient (AC +4).
You are immune to poison.
You resist negative energy.
You are resistant to electric shocks.
You can survive without breathing.
You are immune to petrification.
You are immune to rotting.


Message History

You kill the rat!
You see here a rat corpse.
There is an escape hatch in the floor here.
You slide downwards.
The hatch slams shut behind you.
Found a smoky puce potion.
l - a smoky puce potion
Found a leather armour.
Found 22 bolts.
The ogre shouts!
The ogre is too close now for your liking.
The ogre hits you with a giant club.
You hit the ogre but do no damage. You block the ogre's attack.
You hit the ogre but do no damage. You block the ogre's attack.
You completely miss the ogre. The ogre hits you with a giant club!!
Ouch! That really hurt!
You barely miss the ogre. The ogre hits you with a giant club!
* * * LOW HITPOINT WARNING * * *
You barely miss the ogre. The ogre hits you with a giant club!
You die...
Fedhas appreciates your contribution to the ecosystem.

### ##........####.# #..
..#.....<'.....Z.
#.#######.#......#.....Z.
#.##....#.#....$....#.##.
########.#.....#.#......#..#
#
..................>........Z
######.#....#..............#.
#.#....#....#..#.......+.
#.#....#...@#..#.###..##Z.
..#....#.#.[O#
####....#....... .
#....####.##(# #.#.........#
.# #.#...####### # #........#
#........# #........#


You could see an ogre.

Vanquished Creatures
  8 adders
  A worm (D:2)
  3 orcs (D:3)
  2 giant cockroaches (D:3)
  5 hobgoblins
  3 jackals (D:2)
  A quokka (D:2)
  3 ball pythons
  4 bats
  7 giant newts
  6 goblins
  5 kobolds
  8 rats
56 creatures vanquished.

Notes
Turn   | Place    | Note
--------------------------------------------------------------
     0 | D:1      | zercules the Gargoyle Fighter began the quest for the Orb.
     0 | D:1      | Reached XP level 1. HP: 14/14 MP: 1/1
   222 | D:1      | Reached XP level 2. HP: 19/19 MP: 2/2
   397 | D:1      | Reached skill level 4 in Shields
   404 | D:1      | You fall through a shaft!
   422 | D:2      | Reached XP level 3. HP: 23/23 MP: 3/3
   755 | D:2      | Found a blossoming altar of Fedhas.
   798 | D:2      | Reached XP level 4. HP: 8/28 MP: 4/4
  1200 | D:2      | Reached skill level 5 in Shields
  1407 | D:4      | Noticed an ogre
  1717 | D:2      | Became a worshipper of Fedhas Madash
  1867 | D:3      | Reached XP level 5. HP: 32/32 MP: 5/5
  1911 | D:3      | Found a glowing silver altar of Zin.
  2289 | D:4      | Mangled by an ogre

Action                   |  1- 3 |  4- 6 || total
-------------------------+-------+-------++-------
Melee: Flail             |   116 |   118 ||   234
  Use: Scroll            |     2 |     4 ||     6
  Eat: Chunk             |       |     5 ||     5
